 Dungeon Crawl Stone Soup version 0.16.1-16-gc44b35d (webtiles) character file.

149972 Chiseanne the Unseen (level 16, -9/85 HPs)
             Began as a Spriggan Assassin on Apr 27, 2015.
             Was a High Priest of Dithmenos.
             Shot with a bolt by a naga sharpshooter (21 damage)
             ... on level 5 of the Snake Pit on Apr 28, 2015.
             The game lasted 02:59:34 (39110 turns).

Chiseanne the Unseen (Spriggan Assassin)           Turns: 39110, Time: 02:59:35

Health: -9/85      AC: 12    Str:  7    XL:     16   Next: 68%
Magic:  21/32      EV: 47    Int: 11    God:    Dithmenos [*****.]
Gold:   2148       SH: 13    Dex: 26    Spells: 8 memorised, 6 levels left

rFire  + + .     SeeInvis +     a - +5 dagger (elec)
rCold  + . .     Clarity  .     C - +2 robe of Fallacy {rElec rPois rCorr Int-3}
rNeg   + . .     SustAb   .     n - +3 buckler {reflect}
rPois  +         Gourm    .     B - +2 hat
rElec  +         Spirit   .     c - +5 cloak of Juty {rC+ Dex+3}
rCorr  +         Warding  +     (gloves unavailable)
rMut   .         Stasis   .     (boots unavailable)
MR     ++...                    j - macabre finger necklace {Ward rN+}
Stlth  ++++++++++               Z - ring of protection from fire
                                F - ring of protection from fire
                                r - ring of Shaolin {EV+8}

@: very slightly contaminated, wreathed by umbra, very quick, very resistant to
hostile enchantments, uncannily stealthy
A: unfitting armour, see invisible, herbivore 3, speed 3, slow metabolism 2
a: Shadow Step, Shadow Form, Renounce Religion
}: 1/15 runes: decaying


You were on level 5 of the Snake Pit.
You worshipped Dithmenos.
Dithmenos was extremely pleased with you.
You were not hungry.

You visited 5 branches of the dungeon, and saw 37 of its levels.
You also visited: Trove, Ossuary and Ice Cave.

You collected 4054 gold pieces.
You spent 1906 gold pieces at shops.

Inventory:

Hand weapons
 a - a +5 dagger of electrocution (weapon)
 s - the +11 short sword of Gruiqebogg {venom, rElec rF- MP+9 Str+3}
   (You found it on level 4 of the Dungeon)

   It poisons the flesh of those it strikes.
   It affects your strength (+3).
   It makes you vulnerable to fire.
   It insulates you from electricity.
   It affects your magic capacity (+9).
 w - a +1 blowgun
Missiles
 d - 23 tomahawks (quivered)
 e - 111 poisoned needles
 f - 10 curare-tipped needles
 i - 6 throwing nets
 y - 11 needles of sleeping
Armour
 c - the +5 cloak of Juty (worn) {rC+ Dex+3}
   (You acquired it on level 8 of the Dungeon)

   It affects your dexterity (+3).
   It protects you from cold.
 n - a +3 buckler of reflection (worn)
 B - a +2 hat (worn)
 C - the +2 robe of Fallacy (worn) {rElec rPois rCorr Int-3}
   (You bought it in a shop on level 7 of the Dungeon)

   It affects your intelligence (-3).
   It insulates you from electricity.
   It protects you from poison.
   It protects you from acid and corrosion.
Jewellery
 j - the macabre finger necklace (around neck) {Ward rN+}
   (You found it in a treasure trove)

   [amulet of warding]

   It may prevent the melee attacks of summoned creatures.
   It protects you from negative energy.
 r - the ring of Shaolin (on amulet) {EV+8}
   (You found it in a treasure trove)

   [ring of evasion]

   It affects your evasion (+8).
 F - a ring of protection from fire (left hand)
 S - an uncursed amulet of clarity
 Z - a ring of protection from fire (right hand)
Magical devices
 o - a wand of teleportation (9)
 H - a wand of cold (2)
 L - a wand of confusion (25)
 Q - a wand of paralysis (9)
 U - a wand of disintegration (18)
 Y - a wand of confusion (22)
Scrolls
 p - 10 scrolls of teleportation
 q - 4 scrolls of magic mapping
 v - 5 scrolls of blinking
 D - 6 scrolls of recharging
 G - 11 scrolls of remove curse
 O - a scroll of holy word
 T - 3 scrolls of fear
 W - 6 scrolls of identify
Potions
 b - 4 potions of agility
 l - a potion of ambrosia
 m - 16 potions of curing
 t - 2 potions of invisibility
 u - 7 potions of might
 A - 6 potions of resistance
 I - a potion of cancellation
 M - 3 potions of restore abilities
 N - 3 potions of berserk rage
 P - 4 potions of lignification
 R - a potion of magic
 V - 5 potions of haste
Miscellaneous
 k - a fan of gales
 K - a stone of tremors
Comestibles
 g - 13 bread rations


   Skills:
 - Level 10.0 Fighting
 - Level 10.5 Short Blades
 - Level 6.0 Throwing
 - Level 18.4 Dodging
 - Level 20.8 Stealth
 * Level 9.8 Shields
 - Level 5.0 Spellcasting
 * Level 7.1 Hexes
 - Level 4.6 Summonings
 - Level 7.3 Translocations
 - Level 7.1 Transmutations
 - Level 3.6 Earth Magic


You had 6 spell levels left.
You knew the following spells:

 Your Spells              Type           Power        Failure   Level  Hunger
a - Apportation           Tloc           ###.......   1%          1    None
b - Summon Butterflies    Summ           ##......     3%          1    None
c - Stoneskin             Trmt/Erth      ##......     3%          2    ##.....
d - Corona                Hex            ###....      1%          1    None
e - Passwall              Trmt/Erth      ##........   10%         3    ###....
f - Tukima's Dance        Hex            ###.....     4%          3    ###....
g - Cause Fear            Hex            ###.......   14%         4    ####...
h - Enslavement           Hex            ###.....     14%         4    ####...


Dungeon Overview and Level Annotations

Branches:
Dungeon (15/15)            Temple (0/1) D:4            Lair (8/8) D:11
  Swamp (5/5) Lair:4        Snake (5/5) Lair:6        Slime (0/6) Lair:6
    Orc (4/4) D:9             Elf (0/3) Orc:3        Vaults (0/5) D:13
 Depths (0/5) D:15

Altars:
Ashenzari
Cheibriados
Dithmenos
Fedhas
Gozag
Kikubaaqudgha
Makhleb
Okawaru
Ru
Trog
Xom
The Shining One
Beogh
Jiyva

Shops:
D:4 *   D:7 [   D:9 !   D:13 =   Orc:1 *   Orc:2 (   Orc:3 [   Orc:4 ((*

Annotations:
Lair:6 exclusion: downstairs


Innate Abilities, Weirdness & Mutations

You are tiny and cannot use many weapons and most armour.
You have supernaturally acute eyesight.
You are a herbivore.
You cover ground extremely quickly.
You need consume almost no food.


Message History

* * * LOW HITPOINT WARNING * * *
Read which item? (? for menu, Esc to quit)
Blink to where?
Press: ? - help, Dir - move target cursor, p - naga sharpshooter You are very lightly contaminated with residual magic.
As you read the scroll of blinking, it crumbles to dust.
The naga sharpshooter spits poison at you.
Your +3 buckler of reflection reflects the splash of poison!
The splash of poison hits the naga sharpshooter.
Things that are here:
2 arrows; 4 bolts You see here 2 bolts.
Drink which item? (? for menu, Esc to quit)
You feel better.
Things that are here:
a robe; a glaive The naga sharpshooter mumbles some strange words.
The naga sharpshooter magically shoots a bolt.
The bolt hits you!!
You die...

#...#
##..(#.(.##,,,,**,,***
#...#
##....##.N.##,,,,****,,
#...#
#..(.###...)##,,,,,,,,,
#...# ##(.##
##....##,,,,,,,, #...#
#)### #..)).##*,,,,,*
##..# #...#
##..N(.##****** #...#
#...# ##..[..## #...#
#..(########N....######
#..##
#(..)[@.[.(((....((....
#...#
#...#)).)....).....(...
#####
#..###[[.)........(....
#...##..))).[)[.)......
###
#[..#############)...(#
###.# #...# ##.....
#..## #...#
******##.... #...#
#..## ***,,,,,*##...
#...# #...#
**,,,,,,,,,##..


You could see a naga sharpshooter.

Vanquished Creatures
  Mara (Snake:4)
  A fire giant (D:15)
  3 greater nagas
  2 frost giants
  2 dire elephants (Lair:6)
  A yaktaur captain (D:13)
  11 hydras
  The ghost of trantor the Destroyer, a powerful HEFE of Okawaru (Orc:4)
  Harold (D:11)
  8 naga warriors
  A catoblepas (D:15)
  An ogre mage (D:15)
  3 anacondas (Snake:3)
  A centaur warrior (D:15)
  A tengu warrior (D:15)
  5 naga sharpshooters
  4 orc high priests (Orc:4)
  2 shock serpents
  Nergalle (Lair:1)
  The ghost of ghwc the Cleaver, an experienced HOFi of Beogh (D:7)
  A sea snake (Snake:5)
  A spriggan druid (Swamp:5)
  9 hill giants
  2 unseen horrors
  An ice statue (IceCv)
  Pikel (D:8)
  2 naga ritualists
  A salamander mystic (Snake:5)
  2 swamp dragons
  2 mana vipers (Snake:4)
  An orc sorcerer (Orc:4)
  2 cyclopes
  A manticore (D:11)
  3 griffons
  4 ugly things
  7 salamanders
  4 centaur zombies
  11 elephants
  Maurice (Orc:4)
  5 guardian serpents
  18 black mambas
  An orange demon (Orc:4)
  2 gargoyles
  13 naga magi
  20 spiny frogs
  A kobold demonologist (D:13)
  2 efreet
  5 fire drakes
  2 yaktaurs (D:13)
  14 komodo dragons
  15 blink frogs
  19 polar bears
  Grinder (D:6)
  2 bog bodies
  Prince Ribbit (D:5)
  A hornet zombie (D:15)
  6 ravens
  7 trolls
  5 slime creatures (D:15)
  2 basilisks
  2 giant leeches
  A boulder beetle (Lair:7)
  3 two-headed ogres
  4 shadows
  The ghost of trantor the Chiller, an average HEIE (Ossuary)
  4 spriggans
  45 yaks
  4 wraiths
  3 deep elf magi
  2 fire bats (Lair:5)
  4 wyverns
  A steam dragon (D:13)
  16 vampire mosquitoes
  9 swamp worms
  A hungry ghost (D:14)
  8 hippogriffs
  39 nagas
  9 wolves
  3 wargs
  A soldier ant (D:13)
  10 porcupines
  An insubstantial wisp (Swamp:4)
  30 orc warriors
  3 phantoms
  A swamp drake (Swamp:1)
  16 water moccasins
  An ice beast (D:10)
  2 wasps
  A slave (D:8)
  2 black bears (D:10)
  13 ogres
  9 centaurs
  3 boggarts (D:15)
  3 big kobolds
  An elf zombie (D:7)
  10 crocodiles
  A wyvern zombie (D:14)
  Blork the orc (D:9)
  37 giant frogs
  2 scorpions
  A wyvern skeleton (D:13)
  A water moccasin skeleton (D:10)
  7 wights
  8 electric eels
  2 goliath beetles
  11 crimson imps
  A quasit (D:9)
  16 hounds
  2 human zombies (D:7)
  A wasp zombie (D:8)
  2 centaur skeletons
  A giant frog skeleton (D:10)
  5 jellies
  4 hell rats (Lair:1)
  41 orc priests
  37 orc wizards
  5 iguanas
  2 human skeletons (D:7)
  10 worker ants
  2 sheep (D:15)
  Ijyb (D:6)
  A hound zombie (D:5)
  A hound skeleton (D:9)
  13 mummies
  34 river rats
  7 gnolls
  3 worker ant zombies
  33 adders
  3 shadow imps
  2 worms (D:3)
  12 white imps (Lair:8)
  An adder zombie (D:9)
  5 adder skeletons
  3 giant geckos
  208 orcs
  4 ball pythons
  2 bat skeletons (D:7)
  8 giant cockroaches
  22 goblins
  13 hobgoblins
  24 jackals
  26 kobolds
  11 quokkas
  9 bats
  5 giant newts
  2 giant spores
  5 hobgoblin zombies (Ossuary)
  A kobold zombie (Ossuary)
  An orc skeleton (D:7)
  2 orc zombies (Ossuary)
  A quokka skeleton (D:9)
  21 rats
  A ballistomycete (D:7)
  A plant (Lair:6)
1201 creatures vanquished.

Vanquished Creatures (collateral kills)
  A greater naga (Snake:5)
  2 nagas (Snake:5)
3 creatures vanquished.

Vanquished Creatures (others)
  An anaconda (Snake:5)
  A vampire (D:15)
  An air elemental (Lair:7)
  2 nagas (Snake:5)
  4 dancing weapons (Snake:5)
  A slave (D:8)
  A boggart (D:15)
  4 butterflies (D:15)
  3 fungi
  5 plants (Lair:8)
  8 toadstools (Lair:6)
31 creatures vanquished.

Grand Total: 1235 creatures vanquished

Notes
Turn   | Place    | Note
--------------------------------------------------------------
     0 | D:1      | Chiseanne, the Spriggan Assassin, began the quest for the Orb.
     0 | D:1      | Reached XP level 1. HP: 10/10 MP: 2/2
    35 | D:1      | Reached skill level 6 in Stealth
   458 | D:1      | Reached XP level 2. HP: 11/14 MP: 4/4
   727 | D:1      | Reached skill level 7 in Stealth
  1156 | D:2      | Reached XP level 3. HP: 18/18 MP: 6/6
  1218 | D:2      | Found a snail-covered altar of Cheibriados.
  1390 | D:2      | Reached skill level 8 in Stealth
  1698 | D:2      | Found a burning altar of Makhleb.
  1705 | D:2      | Reached XP level 4. HP: 22/22 MP: 8/8
  1875 | D:2      | Reached skill level 9 in Stealth
  2109 | D:2      | Found a shadowy altar of Dithmenos.
  2110 | D:2      | Found an ancient bone altar of Kikubaaqudgha.
  2118 | D:2      | Became a worshipper of Dithmenos the Shadowed
  2231 | D:3      | Reached XP level 5. HP: 25/25 MP: 10/10
  2272 | D:3      | Reached skill level 10 in Stealth
  2525 | D:3      | Found a glowing golden altar of the Shining One.
  2541 | D:3      | Found a bloodstained altar of Trog.
  2870 | D:3      | Found an opulent altar of Gozag.
  3035 | D:4      | Noticed an ogre
  3062 | D:4      | Killed an ogre
  3062 | D:4      | Reached skill level 11 in Stealth
  3062 | D:4      | Reached XP level 6. HP: 30/30 MP: 12/12
  3190 | D:4      | Found a shimmering altar of Xom.
  3262 | D:4      | Found Jimyk's General Store.
  3265 | D:4      | Bought a scroll of identify for 20 gold pieces
  3265 | D:4      | Bought a scroll of identify for 20 gold pieces
  3265 | D:4      | Bought a scroll of enchant weapon for 75 gold pieces
  3334 | D:4      | Found a staircase to the Ecumenical Temple.
  3512 | D:4      | Found a burning altar of Makhleb.
  3518 | D:4      | Got an iridescent short sword
  3519 | D:4      | Identified the +11 short sword of Gruiqebogg {venom, rElec rF- MP+9 Str+3} (You found it on level 4 of the Dungeon)
  3558 | D:4      | Found a shattered altar of Ashenzari.
  3691 | D:4      | Reached skill level 12 in Stealth
  4004 | D:5      | Entered Level 5 of the Dungeon
  4013 | D:5      | Found a blossoming altar of Fedhas.
  4020 | D:5      | Reached XP level 7. HP: 33/33 MP: 14/14
  4044 | D:5      | Reached skill level 13 in Stealth
  4424 | D:5      | Acquired Dithmenos' first power
  4767 | D:5      | Noticed Prince Ribbit
  4796 | D:5      | Killed Prince Ribbit
  4796 | D:5      | Reached skill level 14 in Stealth
  4803 | D:5      | Reached XP level 8. HP: 37/37 MP: 16/16
  5012 | D:6      | Noticed Grinder
  5020 | D:6      | Killed Grinder
  5020 | D:6      | Reached skill level 5 in Dodging
  5497 | D:6      | Noticed Ijyb
  5505 | D:6      | Killed Ijyb
  5505 | D:6      | Acquired Dithmenos' second power
  5834 | D:7      | Noticed ghwc's ghost (experienced HOFi)
  6250 | D:7      | Reached skill level 10 in Dodging
  6262 | D:7      | Found an ancient bone altar of Kikubaaqudgha.
  6270 | D:7      | Reached XP level 9. HP: 41/41 MP: 18/18
  6935 | D:7      | Found Ewiototed's Antique Armour Shoppe.
  6941 | D:7      | Bought a creamy pearl robe for 171 gold pieces
  7286 | D:7      | Identified the +2 robe of Fallacy {rElec rPois rCorr Int-3} (You bought it in a shop on level 7 of the Dungeon)
  7476 | D:7      | Acquired Dithmenos' third power
  7693 | D:8      | Identified a scroll of acquirement
  7694 | D:8      | Noticed Pikel
  7696 | D:8      | Got a shimmering cloak
  7710 | D:8      | Killed Pikel
  7737 | D:8      | Identified the +5 cloak of Juty {rC+ Dex+3} (You acquired it on level 8 of the Dungeon)
  7750 | D:8      | Found a sand-covered staircase.
  7758 | Ossuary  | Entered an ossuary
  7765 | Ossuary  | Noticed trantor's ghost (average HEIE)
  7790 | Ossuary  | Killed trantor's ghost
  8453 | D:9      | Reached XP level 10. HP: 38/46 MP: 19/19
  8458 | D:9      | Reached skill level 15 in Dodging
  8620 | D:9      | Found a roughly hewn altar of Beogh.
  8898 | D:9      | Found a sacrificial altar of Ru.
  9246 | D:9      | Reached skill level 16 in Dodging
  9386 | D:9      | Found Xitogh's Distillery.
  9478 | D:9      | Bought a potion of invisibility for 120 gold pieces
  9478 | D:9      | Bought a potion of restore abilities for 75 gold pieces
  9478 | D:9      | Bought a potion of brilliance for 60 gold pieces
  9478 | D:9      | Bought a potion of berserk rage for 75 gold pieces
  9478 | D:9      | Bought a potion of curing for 45 gold pieces
  9487 | D:9      | Noticed Blork the orc
  9492 | D:9      | Killed Blork the orc
 10513 | D:9      | Reached skill level 17 in Dodging
 10611 | D:9      | Acquired Dithmenos' fourth power
 10750 | D:9      | Found a staircase to the Orcish Mines.
 10993 | Orc:1    | Entered Level 1 of the Orcish Mines
 11096 | D:10     | Entered Level 10 of the Dungeon
 11117 | D:10     | Reached skill level 18 in Dodging
 11339 | D:10     | Reached XP level 11. HP: 49/49 MP: 20/20
 11368 | D:10     | Reached skill level 15 in Stealth
 11925 | D:11     | Found a staircase to the Lair.
 12215 | D:11     | Found a portal to a secret trove of treasure.
 12414 | D:11     | Noticed Harold
 12419 | D:11     | Killed Harold
 12746 | Lair:1   | Entered Level 1 of the Lair of Beasts
 13256 | Lair:1   | Noticed Nergalle
 13259 | Lair:1   | Killed Nergalle
 13708 | Lair:2   | Learned a level 1 spell: Apportation
 13710 | Lair:2   | Learned a level 1 spell: Summon Butterflies
 13713 | Lair:2   | Learned a level 2 spell: Stoneskin
 13834 | Lair:2   | Reached skill level 19 in Stealth
 14520 | Lair:3   | Reached XP level 12. HP: 53/53 MP: 21/21
 14548 | Lair:3   | Reached skill level 20 in Stealth
 15450 | Lair:1   | Learned a level 1 spell: Corona
 15454 | Lair:1   | Got a distressingly furry cloak
 15465 | Lair:1   | Identified the -1 cloak of Good Intentions {Dex+5} (You acquired it on level 1 of the Lair of Beasts)
 15674 | D:10     | Noticed a hill giant
 15692 | D:10     | Killed a hill giant
 15936 | D:4      | Bought an uncursed amulet of regeneration for 300 gold pieces
 16563 | Lair:4   | Reached skill level 5 in Short Blades
 16927 | Lair:4   | Found a staircase to the Swamp.
 17099 | Lair:5   | Noticed a six-headed hydra
 17106 | Lair:5   | Killed a six-headed hydra
 17956 | Lair:5   | Noticed a seven-headed hydra
 18020 | Lair:6   | Found a staircase to the Snake Pit.
 18333 | Lair:6   | Reached skill level 10 in Short Blades
 18376 | Lair:6   | Reached XP level 13. HP: 57/57 MP: 22/22
 18681 | Lair:6   | Found a viscous altar of Jiyva.
 18681 | Lair:6   | Found a staircase to the Slime Pits.
 18988 | Lair:6   | You fall through a shaft for 2 floors!
 18988 | Lair:8   | Entered Level 8 of the Lair of Beasts
 19016 | Lair:8   | Found a frozen archway.
 19059 | IceCv    | Entered an ice cave
 19370 | IceCv    | Reached skill level 5 in Fighting
 19444 | IceCv    | Noticed a frost giant
 19490 | IceCv    | Killed a frost giant
 19838 | Lair:6   | Noticed a dire elephant
 19838 | Lair:6   | Noticed a dire elephant
 19840 | Lair:6   | Killed a dire elephant
 19938 | Lair:6   | Killed a dire elephant
 21427 | Lair:8   | Reached XP level 14. HP: 75/75 MP: 23/23
 21702 | Lair:8   | Reached skill level 10 in Fighting
 21853 | Lair:8   | Got a fine hunting sling
 22052 | Lair:8   | Reached skill level 5 in Throwing
 22314 | Lair:8   | Reached skill level 1 in Spellcasting
 22572 | Lair:8   | Identified the +1 hunting sling "Crijoto" {velocity, rElec rC+} (You found it on level 8 of the Lair of Beasts)
 23199 | D:11     | You paid a toll of 11 potions of heal wounds to enter a treasure trove
 23200 | Trove    | Entered a treasure trove
 23513 | D:12     | Got a faintly glowing trident
 23514 | D:12     | Identified the +0 trident of Supply {holy, rPois Dex+5} (You found it on level 12 of the Dungeon)
 24028 | D:12     | Reached skill level 5 in Spellcasting
 24129 | D:13     | Reached skill level 1 in Translocations
 24314 | D:13     | Noticed a frost giant
 24364 | D:13     | Reached skill level 5 in Translocations
 24472 | D:13     | Killed a frost giant
 24640 | D:13     | Reached skill level 1 in Summonings
 24818 | D:13     | Got a faintly humming hat
 24824 | D:13     | Identified the +0 hat of the Moon {rF- rN+ Int+2} (You acquired it on level 13 of the Dungeon)
 25041 | D:13     | Found a gate to the Vaults.
 25101 | D:13     | Found Fodadome's Jewellery Emporium.
 25708 | D:14     | Reached skill level 1 in Transmutations
 26064 | D:14     | Reached XP level 15. HP: 80/80 MP: 31/31
 26506 | D:15     | Entered Level 15 of the Dungeon
 26777 | D:15     | Reached skill level 5 in Transmutations
 26937 | D:15     | Found a staircase to the Depths.
 27355 | D:15     | Reached skill level 1 in Earth Magic
 27997 | Lair:1   | Learned a level 3 spell: Passwall
 28378 | Orc:1    | Found an iron altar of Okawaru.
 28490 | Orc:1    | Found Iruast's General Store.
 28517 | Orc:1    | Bought a slice of pizza for 16 gold pieces
 28710 | Orc:2    | Reached skill level 1 in Hexes
 28944 | Orc:2    | Found a roughly hewn altar of Beogh.
 28948 | Orc:2    | Found Klygolao's Antique Weapon Shop.
 29185 | Orc:3    | Found Usilas' Antique Armour Boutique.
 29251 | Orc:3    | Bought an embroidered hat for 104 gold pieces
 29516 | Orc:4    | Entered Level 4 of the Orcish Mines
 29752 | Orc:4    | Noticed trantor's ghost (powerful HEFE)
 29789 | Orc:4    | Killed trantor's ghost
 29789 | Orc:4    | Reached skill level 1 in Shields
 29876 | Orc:4    | Found Ohaowiok's Antique Weapon Shop.
 30315 | Orc:4    | Found Ziorup's Assorted Antiques.
 30317 | Orc:4    | Found Ynakh's Distillery.
 30319 | Orc:4    | Found Frebaic's Weapon Shop.
 30420 | Orc:4    | Found Geotan's Distillery.
 30593 | Orc:4    | Noticed Maurice
 30604 | Orc:4    | Killed Maurice
 30735 | Orc:4    | Bought a potion of curing for 45 gold pieces
 30735 | Orc:4    | Bought a potion of agility for 60 gold pieces
 30735 | Orc:4    | Bought a potion of curing for 45 gold pieces
 30735 | Orc:4    | Bought a potion of berserk rage for 75 gold pieces
 30735 | Orc:4    | Bought a potion of flight for 45 gold pieces
 30735 | Orc:4    | Bought 2 potions of haste for 300 gold pieces
 30735 | Orc:4    | Bought a potion of agility for 60 gold pieces
 31093 | Orc:3    | Found a staircase to the Elven Halls.
 31747 | Lair:1   | Learned a level 3 spell: Tukima's Dance
 31865 | Swamp:1  | Entered Level 1 of the Swamp
 32151 | Swamp:5  | Entered Level 5 of the Swamp
 32250 | Swamp:4  | Reached skill level 5 in Shields
 32300 | Swamp:5  | Got a decaying rune of Zot
 32673 | Snake:1  | Entered Level 1 of the Snake Pit
 33647 | Snake:4  | Reached XP level 16. HP: 85/85 MP: 32/32
 34012 | Snake:5  | Entered Level 5 of the Snake Pit
 35336 | Snake:4  | Noticed Mara
 35339 | Snake:4  | Killed Mara
 35610 | Snake:5  | Reached skill level 5 in Hexes
 36984 | D:7      | Killed ghwc's ghost
 37072 | D:4      | Bought a bread ration for 50 gold pieces
 37072 | D:4      | Bought a scroll of enchant weapon for 75 gold pieces
 37072 | D:4      | Bought a scroll of magic mapping for 35 gold pieces
 37072 | D:4      | Bought a scroll of fear for 35 gold pieces
 37421 | Lair:1   | Learned a level 4 spell: Cause Fear
 37426 | Lair:1   | Learned a level 4 spell: Enslavement
 37979 | Snake:5  | Got a bloodstained trident
 39102 | Snake:5  | HP: 1/85 [naga sharpshooter/arrow (7)]
 39110 | Snake:5  | Shot with a bolt by a naga sharpshooter

Action                   |  1- 3 |  4- 6 |  7- 9 | 10-12 | 13-15 | 16-18 || total
-------------------------+-------+-------+-------+-------+-------+-------++-------
Melee: Dagger            |    98 |   110 |    51 |    76 |   379 |   570 ||  1284
       Short sword       |       |    10 |   271 |   612 |  1471 |    31 ||  2395
       Trident           |       |       |       |       |     5 |       ||     5
 Fire: Blowgun           |    11 |    21 |    41 |    82 |   134 |       ||   289
Throw: Tomahawk          |       |       |       |     1 |    13 |     4 ||    18
 Cast: Apportation       |       |       |       |       |    11 |       ||    11
       Summon Butterflie |       |       |       |       |     6 |       ||     6
       Stoneskin         |       |       |       |       |     3 |       ||     3
       Corona            |       |       |       |       |     1 |       ||     1
       Tukima's Dance    |       |       |       |       |       |    26 ||    26
       Cause Fear        |       |       |       |       |       |     6 ||     6
       Enslavement       |       |       |       |       |       |     5 ||     5
Invok: Shadow Step       |       |       |     1 |     3 |    26 |     2 ||    32
Evoke: Wand              |       |       |       |     3 |     4 |     1 ||     8
       Fan of gales      |       |       |       |       |     1 |       ||     1
       Stone of tremors  |       |       |       |       |     1 |       ||     1
  Use: Scroll            |     4 |    11 |    13 |    16 |    13 |     9 ||    66
       Potion            |       |       |       |       |     7 |     5 ||    12
 Stab: Sleeping          |     5 |    21 |    43 |   128 |   172 |    17 ||   386
       Distracted        |     1 |       |     3 |    11 |    34 |    11 ||    60
       Paralysed         |       |       |       |     2 |       |       ||     2
       Invisible         |       |       |       |       |    13 |       ||    13
       Confused          |       |       |       |       |     2 |       ||     2
  Eat: Royal jelly       |       |     1 |     2 |       |       |       ||     3
       Fruit             |       |       |       |     6 |    15 |       ||    21
       Bread ration      |       |       |       |     1 |       |     2 ||     3
       Pizza             |       |       |       |     2 |       |     1 ||     3
